[Event "13th Leiden Crown Group 2019"]
[Site "Leiden"]
[Date "2019.07.20"]
[Round "8.2"]
[White "Pijpers, Arthur"]
[Black "Van der Wiel, John T.H."]
[Result "0-1"]
[ECO "B80"]
[WhiteElo "2474"]
[BlackElo "2380"]
[Annotator "ChessBase"]
[PlyCount "130"]
[EventDate "2019.07.08"]
[EventType "tourn"]
[EventCountry "NED"]
[SourceTitle "playchess.com"]
[Source "ChessBase"]
[SourceQuality "1"]
[TimeControl "40/5400+30:1800+30"]

1. e4 c5 2. Nc3 d6 3. Nge2 Nc6 4. d4 cxd4 5. Nxd4 Nf6 6. f3 e6 7. Be3 a6 8. Qd2 Be7 9. O-O-O Nxd4 10. Bxd4 e5 11. Be3 Be6 12. g4 Qa5 13. Qf2 Nd7 14. Kb1 Rc8 15. Nd5 Bd8 16. h4 Nf6 17. Nxf6+ gxf6 18. a3 Rc6 19. Rh2 Bb6 20. Bxb6 Qxb6 21. Qd2 Ke7 22. g5 Rhc8 23. gxf6+ Kd7 24. Bd3 Rc3 25. Qf2 R8c5 26. f4 Rxa3 27. f5 Ba2+ 28. Kc1 Rb3 29. c3 Kc7 30. Qf1 a5 31. Rc2 a4 32. Bc4 a3 33. Bxb3 Qxb3 34. Qd3 Rc6 35. bxa3 Bb1 36. Rdd2 Bxc2 37. Rxc2 Qxa3+ 38. Kd2 Qa7 39. Qe3 Qa1 40. Rc1 Qa2+ 41. Rc2 Qb1 42. Rc1 Qb2+ 43. Rc2 Qb1 44. Qg3 Ra6 45. Qe1 Qxe1+ 46. Kxe1 Ra4 47. Re2 Kc6 48. Kf2 d5 49. exd5+ Kxd5 50. Rd2+ Kc6 51. Rd8 Rf4+ 52. Ke3 Rxf5 53. Rh8 Rxf6 54. Rxh7 Kd5 55. Rh8 Rc6 56. Rd8+ Ke6 57. Re8+ Kf5 58. Kd3 b6 59. h5 Kf4 60. c4 Rh6 61. Rb8 f5 62. Ke2 e4 63. Kf2 Rxh5 64. Rxb6 Rh2+ 65. Ke1 Kf3 0-1

[Event "13th Leiden Crown Group 2019"]
[Site "Leiden"]
[Date "2019.07.20"]
[Round "8.3"]
[White "Nikolic, Predrag"]
[Black "Das, Arghyadip"]
[Result "1-0"]
[ECO "E04"]
[WhiteElo "2574"]
[BlackElo "2439"]
[Annotator "ChessBase"]
[PlyCount "111"]
[EventDate "2019.07.08"]
[EventType "tourn"]
[EventCountry "NED"]
[SourceTitle "playchess.com"]
[Source "ChessBase"]
[SourceQuality "1"]
[TimeControl "40/5400+30:1800+30"]

1. Nf3 e6 2. g3 d5 3. Bg2 Nf6 4. O-O c5 5. d4 Nc6 6. c4 dxc4 7. Qa4 Bd7 8. Qxc4 b5 9. Qd3 c4 10. Qd1 Rc8 11. Bg5 Be7 12. Nc3 b4 13. Bxf6 Bxf6 14. Ne4 Be7 15. Rc1 Na5 16. d5 exd5 17. Qxd5 O-O 18. Rfd1 Ba4 19. Rd2 Qb6 20. Qf5 g6 21. Qf4 Rcd8 22. Ne5 Bb5 23. Rxd8 Qxd8 24. Ng4 f6 25. Ne3 Nc6 26. Nd5 Kh8 27. Rd1 f5 28. Ndc3 Qb6 29. Nxb5 fxe4 30. Qxe4 Rxf2 31. Nd4 Rf6 32. e3 Rd6 33. Rf1 Rxd4 34. exd4 Qxd4+ 35. Kh1 Qxe4 36. Bxe4 Ne5 37. Rc1 Bc5 38. Bd5 Bd4 39. Bxc4 Bxb2 40. Rc2 Bc3 41. Ba6 Kg7 42. a3 h5 43. axb4 Bxb4 44. Rc7+ Kh6 45. Kg2 Kg5 46. h4+ Kh6 47. Rxa7 g5 48. Rb7 Bd2 49. Rb2 Be3 50. Re2 Bd4 51. Re4 Bc3 52. Be2 Kg6 53. Ra4 Nd7 54. Bd3+ Kh6 55. Ra7 Nf6 56. hxg5+ 1-0

[Event "13th Leiden Crown Group 2019"]
[Site "Leiden"]
[Date "2019.07.20"]
[Round "8.4"]
[White "Pruijssers, Roeland"]
[Black "Stefansson, Hannes"]
[Result "1-0"]
[ECO "C24"]
[WhiteElo "2534"]
[BlackElo "2562"]
[Annotator "ChessBase"]
[PlyCount "77"]
[EventDate "2019.07.08"]
[EventType "tourn"]
[EventCountry "NED"]
[SourceTitle "playchess.com"]
[Source "ChessBase"]
[SourceQuality "1"]
[TimeControl "40/5400+30:1800+30"]

1. e4 e5 2. Nf3 Nc6 3. Bc4 Bc5 4. O-O Nf6 5. d3 O-O 6. h3 d5 7. exd5 Nxd5 8. Re1 Be6 9. c3 Bb6 10. b4 f6 11. a4 a5 12. b5 Nce7 13. d4 Ng6 14. Nbd2 Bf7 15. Ba3 Nxc3 16. Qb3 exd4 17. Bxf8 Qxf8 18. Ne4 Nxe4 19. Rxe4 Rd8 20. Rae1 Bxc4 21. Qxc4+ Qf7 22. Re8+ Rxe8 23. Rxe8+ Nf8 24. Nd2 Qxc4 25. Nxc4 Kf7 26. Ra8 d3 27. Nxb6 cxb6 28. Rd8 Ne6 29. Rd7+ Ke8 30. Rxd3 Nc5 31. Rd4 h5 32. f4 g6 33. g4 hxg4 34. hxg4 Ke7 35. f5 g5 36. Kf2 Kf7 37. Kf3 Ke7 38. Ke3 Ke8 39. Rd6 1-0

[Event "13th Leiden Crown Group 2019"]
[Site "Leiden"]
[Date "2019.07.20"]
[Round "8.5"]
[White "Schekachikhin, Maksim"]
[Black "Sengupta, Deep"]
[Result "1/2-1/2"]
[ECO "A84"]
[WhiteElo "2415"]
[BlackElo "2558"]
[Annotator "ChessBase"]
[PlyCount "56"]
[EventDate "2019.07.08"]
[EventType "tourn"]
[EventCountry "NED"]
[SourceTitle "playchess.com"]
[Source "ChessBase"]
[SourceQuality "1"]
[TimeControl "40/5400+30:1800+30"]

1. d4 e6 2. c4 f5 3. Nf3 Nf6 4. Bf4 b6 5. e3 Bb7 6. Be2 Bb4+ 7. Nbd2 O-O 8. O-O Be7 9. h3 c5 10. Rc1 Ne4 11. Bh2 Bf6 12. Qc2 Na6 13. a3 cxd4 14. Nxd4 Nac5 15. N2f3 g5 16. b4 g4 17. hxg4 fxg4 18. bxc5 gxf3 19. Bxf3 Nxc5 20. Bxb7 Nxb7 21. Rcd1 Qe7 22. Nb5 Qg7 23. Nd6 Nc5 24. Ne4 Be7 25. Nxc5 Bxc5 26. Bd6 Rf5 27. Bxc5 Rxc5 28. Rd4 Kh8 1/2-1/2

[Event "13th Leiden Crown Group 2019"]
[Site "Leiden"]
[Date "2019.07.21"]
[Round "9.2"]
[White "Stefansson, Hannes"]
[Black "Schekachikhin, Maksim"]
[Result "0-1"]
[ECO "B12"]
[WhiteElo "2562"]
[BlackElo "2415"]
[Annotator "ChessBase"]
[PlyCount "46"]
[EventDate "2019.07.08"]
[EventType "tourn"]
[EventCountry "NED"]
[SourceTitle "playchess.com"]
[Source "ChessBase"]
[SourceQuality "1"]
[TimeControl "40/5400+30:1800+30"]

1. e4 c6 2. d4 d5 3. e5 Bf5 4. Nf3 e6 5. Be2 Ne7 6. O-O c5 7. c4 Nbc6 8. dxc5 d4 9. Qa4 Ng6 10. Rd1 d3 11. Be3 Be7 12. Nc3 O-O 13. h3 Ngxe5 14. Nxe5 Nxe5 15. Bf4 Nd7 16. b4 Bf6 17. Bxd3 Bxc3 18. Rac1 Bb2 19. Bxf5 Bxc1 20. Rxd7 Qf6 21. Bxh7+ Kxh7 22. Qc2+ Qf5 23. Qxc1 e5 0-1

[Event "13th Leiden Crown Group 2019"]
[Site "Leiden"]
[Date "2019.07.21"]
[Round "9.3"]
[White "Das, Arghyadip"]
[Black "Pruijssers, Roeland"]
[Result "1/2-1/2"]
[ECO "A07"]
[WhiteElo "2439"]
[BlackElo "2534"]
[Annotator "ChessBase"]
[PlyCount "38"]
[EventDate "2019.07.08"]
[EventType "tourn"]
[EventCountry "NED"]
[SourceTitle "playchess.com"]
[Source "ChessBase"]
[SourceQuality "1"]
[TimeControl "40/5400+30:1800+30"]

1. Nf3 Nf6 2. g3 d5 3. Bg2 c6 4. O-O Bg4 5. d3 e6 6. h3 Bh5 7. Qe1 Nbd7 8. Nh4 Qb6 9. a4 Bc5 10. Kh1 a5 11. f4 Be3 12. Bxe3 Qxe3 13. g4 Bg6 14. Qf2 Qxf2 15. Rxf2 Nc5 16. Nd2 Ke7 17. Ndf3 Nfd7 18. Nd4 f6 19. f5 Bf7 1/2-1/2

[Event "13th Leiden Crown Group 2019"]
[Site "Leiden"]
[Date "2019.07.21"]
[Round "9.4"]
[White "Van der Wiel, John T.H."]
[Black "Nikolic, Predrag"]
[Result "1/2-1/2"]
[ECO "C03"]
[WhiteElo "2380"]
[BlackElo "2574"]
[Annotator "ChessBase"]
[PlyCount "27"]
[EventDate "2019.07.08"]
[EventType "tourn"]
[EventCountry "NED"]
[SourceTitle "playchess.com"]
[Source "ChessBase"]
[SourceQuality "1"]
[TimeControl "40/5400+30:1800+30"]

1. e4 e6 2. d4 d5 3. Nd2 a6 4. Ngf3 Nf6 5. exd5 exd5 6. Bd3 Qe7+ 7. Be2 Nc6 8. O-O Be6 9. c3 h6 10. Re1 Qd7 11. Bd3 Be7 12. Ne5 Nxe5 13. dxe5 Ng8 14. Nf3 1/2-1/2

[Event "13th Leiden Crown Group 2019"]
[Site "Leiden"]
[Date "2019.07.21"]
[Round "9.5"]
[White "Lalith Babu M R"]
[Black "Pijpers, Arthur"]
[Result "1-0"]
[ECO "E90"]
[WhiteElo "2580"]
[BlackElo "2474"]
[Annotator "ChessBase"]
[PlyCount "49"]
[EventDate "2019.07.08"]
[EventType "tourn"]
[EventCountry "NED"]
[SourceTitle "playchess.com"]
[Source "ChessBase"]
[SourceQuality "1"]
[TimeControl "40/5400+30:1800+30"]

1. c4 Nf6 2. Nf3 g6 3. Nc3 Bg7 4. e4 d6 5. d4 O-O 6. h3 e5 7. d5 Nh5 8. g3 f5 9. exf5 gxf5 10. Nh4 Nf4 11. gxf4 Qxh4 12. Rg1 Kh8 13. fxe5 Bxe5 14. Bg5 Qd4 15. Qxd4 Bxd4 16. Nb5 Bb6 17. c5 dxc5 18. Bf4 Ba5+ 19. b4 Bxb4+ 20. Kd1 Re8 21. Nxc7 Re4 22. Bh6 Bc3 23. Rc1 Be5 24. Nxa8 b6 25. Rc4 1-0